 Dungeon Crawl Stone Soup version 0.24-a0-584-g9d6b971 (webtiles) character file.

Game seed: 9952714575746608671, levelgen mode: deterministic

1217 Faustus the Thaumaturge (level 8, -1/42 HPs)
             Began as a Deep Elf Wizard on Sept 3, 2019.
             Was an Initiate of Sif Muna.
             Shot with an arrow by a centaur (7 damage)
             ... on level 6 of the Dungeon.
             The game lasted 00:59:07 (7861 turns).

Faustus the Thaumaturge (Deep Elf Wizard)           Turns: 7861, Time: 00:59:08

Health: -1/42      AC:  3    Str:  4    XL:     8   Next: 22%
Magic:  24/33      EV: 13    Int: 26    God:    Sif Muna [......]
Gold:   449        SH:  0    Dex: 13    Spells: 16/27 levels left

rFire    . . .     SeeInvis .   m - +2 dagger (freeze)
rCold    . . .     Gourm    .   (no shield)
rNeg     . . .     Faith    .   q - +0 robe
rPois    .         Spirit   .   b - +0 hat
rElec    .         Reflect  .   (no cloak)
rCorr    .         Harm     .   (no gloves)
MR       .....                  e - +0 pair of boots
Stlth    +++.......             (no amulet)
HPRegen  0.14/turn              g - ring of magical power
MPRegen  0.23/turn              (no ring)

@: no status effects
A: no striking features
a: Renounce Religion


You were on level 6 of the Dungeon.
You worshipped Sif Muna.
Sif Muna was noncommittal.
You were not hungry.

You visited 2 branches of the dungeon, and saw 7 of its levels.

You collected 449 gold pieces.

Inventory:

Hand Weapons
 m - a +2 dagger of freezing (weapon)
Missiles
 h - 14 poisoned darts (quivered)
Armour
 b - a +0 hat (worn)
 e - a +0 pair of boots (worn)
 q - a +0 robe (worn)
Magical Staves
 s - an uncursed staff of death
Jewellery
 g - a ring of magical power (left hand)
Scrolls
 f - a scroll of immolation
 i - a scroll of fear {unknown}
 j - 2 scrolls of magic mapping
 k - 5 scrolls of teleportation
 l - 4 scrolls of identify
 p - a scroll of noise {unknown}
 t - a scroll of enchant armour {unknown}
 u - 2 scrolls of remove curse
Potions
 c - 3 potions of curing
 n - a potion of flight
 o - a potion of ambrosia {unknown}
 r - a potion of might
Comestibles
 d - 7 rations


   Skills:
 + Level 0.4 Fighting
 + Level 0.2 Short Blades
 + Level 3.1 Dodging
 + Level 4.1 Stealth
 + Level 10.2 Spellcasting
 + Level 3.3 Conjurations
 + Level 4.3 Summonings
 + Level 2.1 Translocations
 + Level 2.0 Fire Magic
 + Level 0.4 Air Magic
 + Level 0.7 Poison Magic


You had 16 spell levels left.
You knew the following spells:

 Your Spells              Type           Power        Failure   Level  Hunger
a - Magic Dart            Conj           ####         1%          1    None
b - Call Imp              Summ           #####...     1%          2    None
c - Blink                 Tloc           N/A          2%          2    None
d - Conjure Flame         Conj/Fire      ####....     4%          3    None
e - Mephitic Cloud        Conj/Pois/Air  ###.....     7%          3    None

Your spell library contained the following spells:

 Spells                   Type           Power        Failure   Level  Hunger
 Slow                     Hex            ##......     7%          2    None


Dungeon Overview and Level Annotations

Branches:
Dungeon (6/15)             Temple (1/1) D:6

Altars:
Ashenzari
Dithmenos
Elyvilon
Fedhas
Gozag
Hepliaklqana
Makhleb
Qazlal
Sif Muna
Uskayaw
Xom
Yredelemnul
Zin

Shops:
D:5 ?   D:6 ?(%

Annotations:
D:6 BRANGAR's ghost, novice HuCj


Message History

An ogre comes into view. It is wielding a +0 giant club.
Casting: Magic Dart (safe; 1% risk of failure)
Confirm with . or Enter, or press ? or * to list all spells.
A beastly little devil appears in a puff of flame.
The centaur shoots an arrow.
The arrow hits you!
You see here 2 arrows.
The centaur shoots an arrow.
The arrow hits you!
* * * LOW HITPOINT WARNING * * *
The centaur shoots an arrow.
The arrow misses you.
Your crimson imp blinks!
You see here an arrow.
Casting: Call Imp (safe; 1% risk of failure)
Confirm with . or Enter, or press ? or * to list all spells.
You blink.
Found a ration.
Casting: Blink (safe; 2% risk of failure)
Confirm with . or Enter, or press ? or * to list all spells.
You blink.
The centaur shoots an arrow.
The arrow misses you.
The centaur shoots an arrow.
The arrow hits you!
You die...

### #.. ######### #.. .
#.......# #.. ..
######.....5.# #..
...#............######..
........................
#.........c..........
#..(@...O...(((#####.
#...%.....ยง..###...##
#..........###.......
#.....###.## ...###..
#.....# #.#....# #.
....... .. ...# Y. #.
##......... ... ...#.
##...###.. .=... #..
..Y..


You could see an ogre, a centaur and a friendly crimson imp.

Vanquished Creatures
  An ice beast (D:6)
  An orc warrior (D:6)
  A sky beast (D:4)
  A necrophage (D:6)
  2 ogres
  A bullfrog (D:6)
  A scorpion (D:4)
  A crimson imp (D:6)
  A hound (D:5)
  2 orc priests
  A jelly (D:5)
  A worker ant (D:4)
  A killer bee zombie (D:5)
  A hound zombie (D:5)
  2 gnolls (D:3)
  2 adders
  An ooze (D:1)
  An adder zombie (D:5)
  An adder skeleton (D:2)
  3 leopard geckos
  6 orcs
  7 bats
  A bat skeleton (D:2)
  3 giant cockroaches (D:5)
  2 goblins
  5 hobgoblins
  4 frilled lizards
  6 kobolds (D:1)
  2 quokka zombies
  2 rats (D:1)
64 creatures vanquished.

Vanquished Creatures (collateral kills)
  A hungry ghost (D:6)
  A crimson imp (D:6)
  A hound (D:4)
  An orc wizard (D:6)
  5 orc priests
  A centaur skeleton (D:5)
  A worker ant (D:4)
  3 gnolls
  4 adders
  A shadow imp (D:5)
  2 oozes
  A worm (D:4)
  2 leopard geckos
  13 orcs
  2 bats (D:2)
  2 giant cockroaches
  7 goblins
  8 hobgoblins
  A kobold (D:2)
  A quokka (D:5)
  A ball python skeleton (D:4)
  2 frilled lizards (D:2)
  A rat (D:2)
62 creatures vanquished.

Grand Total: 126 creatures vanquished

Notes
Turn   | Place    | Note
-------+----------+-------------------------------------------
     0 | D:1      | Faustus the Deep Elf Wizard began the quest for the Orb.
     0 | D:1      | Reached XP level 1. HP: 10/10 MP: 7/7
   175 | D:1      | Reached skill level 5 in Spellcasting
   307 | D:1      | Reached XP level 2. HP: 15/15 MP: 8/10
   311 | D:1      | Learned a level 2 spell: Call Imp
   314 | D:1      | Learned a level 2 spell: Blink
  1071 | D:2      | Found a shattered altar of Ashenzari.
  1267 | D:2      | Found a transporter.
  1295 | D:2      | Found a transporter.
  1317 | D:2      | Reached XP level 3. HP: 19/19 MP: 12/12
  1846 | D:2      | Found an opulent altar of Gozag.
  2533 | D:3      | Learned a level 3 spell: Conjure Flame
  2537 | D:3      | Learned a level 3 spell: Mephitic Cloud
  2559 | D:3      | Reached skill level 6 in Spellcasting
  2572 | D:3      | Reached XP level 4. HP: 23/24 MP: 2/14
  2739 | D:2      | HP: 1/24 [poisoned by an adder]
  3539 | D:3      | Reached XP level 5. HP: 28/28 MP: 16/16
  3906 | D:4      | Reached skill level 7 in Spellcasting
  4567 | D:4      | Reached XP level 6. HP: 32/32 MP: 15/18
  4645 | D:4      | Found a burning altar of Makhleb.
  4645 | D:4      | Noticed a green death
  5088 | D:5      | Entered Level 5 of the Dungeon
  5088 | D:5      | Noticed a sky beast
  5164 | D:4      | Killed a sky beast
  5164 | D:4      | Reached skill level 8 in Spellcasting
  5462 | D:5      | Reached skill level 1 in Fire Magic
  5935 | D:5      | Found a white marble altar of Elyvilon.
  6019 | D:5      | Found Hiokyrr's Magic Scroll Emporium.
  6043 | D:5      | Reached XP level 7. HP: 36/36 MP: 18/21
  7026 | D:6      | Found Dualogha's Magic Scroll Shop.
  7051 | D:6      | Reached skill level 9 in Spellcasting
  7254 | D:6      | Found Xonyudd's Antique Weapon Shoppe.
  7286 | D:6      | Noticed a hungry ghost
  7314 | D:6      | Killed a hungry ghost
  7314 | D:6      | Reached XP level 8. HP: 34/42 MP: 15/23
  7319 | D:6      | Found Woniydef's Food Emporium.
  7524 | D:6      | Found a staircase to the Ecumenical Temple.
  7533 | Temple   | Entered the Ecumenical Temple
  7541 | Temple   | Became a worshipper of Sif Muna the Loreminder
  7603 | D:6      | Reached skill level 10 in Spellcasting
  7663 | D:6      | Noticed BRANGAR's ghost (novice HuCj)
  7861 | D:6      | Shot with an arrow by a centaur

Levels and vault maps discovered:
D:1:      lightli_arrival_statue_moat, layout_basic
D:2:      cheibrodos_greedy_goblins, layout_basic,
          gammafunk_temple_overflow_arena,
          nicolae_gozag_cash_rules_everything_around_me
D:3:      layout_rooms, minmay_misc_feat_alley, feat_on_display
D:4:      layout_rooms, hangedman_decor_clover_reticule,
          makhleb_altar_promises_db
D:5:      layout_basic, serial_shops, kennysheep_mini_moat, first_ration,
          elyvilon_altar_1
D:6:      layout_basic, minmay_temple_entry_statues_pillars,
          gammafunk_ghost_icy, serial_shops, shop_fountains, nicolae_shop_stone,
          kennysheep_mini, nicolae_shop_trees, nicolae_shop_crystal
Temple:   eino_narrow_crystal_temple

Skill      XL: |  1  2  3  4  5  6  7  8 |
---------------+-------------------------+-----
Spellcasting   | 5 6 7 8 9 10 | 10.2
Stealth        | 3 4 |  4.1
Summonings     | 2 3 4 |  4.3
Conjurations   | 2 3 |  3.3
Fire Magic     | 1 2 |  2.0
Dodging        | 3 |  3.1
Translocations | 2 |  2.1
Fighting       | |  0.4
Short Blades   | |  0.2
Air Magic      | |  0.4
Poison Magic   | |  0.7

Action                   |  1- 3 |  4- 6 |  7- 9 || total
-------------------------+-------+-------+-------++-------
Melee: Dagger            |    20 |    25 |    18 ||    63
 Cast: Magic Dart        |    49 |    27 |    56 ||   132
       Call Imp          |    21 |    44 |    20 ||    85
       Mephitic Cloud    |     1 |     9 |     4 ||    14
       Conjure Flame     |     1 |    21 |    14 ||    36
       Blink             |       |     8 |    10 ||    18
  Use: Scroll            |     3 |     6 |       ||     9
       Potion            |     1 |     4 |       ||     5
 Stab: Confused          |       |       |     1 ||     1
  Eat: Chunk             |     5 |     9 |     3 ||    17
       Ration            |       |       |     2 ||     2
Armor: Robe              |     3 |    15 |     1 ||    19
Dodge: Dodged            |    23 |    48 |    28 ||    99

Table legend:
 A = Non-vault XP
 B = Vault XP
 C = Vault XP percentage of total XP
 D = Non-vault monster count
 E = Vault monster count
 F = Vault count percentage of total count
                 A         B        C        D         E       F
            +---------+---------+-------+---------+---------+-------
      Total |    1703 |      36 |   2.1 |     115 |      11 |   8.7
            +---------+---------+-------+---------+---------+-------
        D:1 |      31 |       0 |   0.0 |      16 |       0 |   0.0
        D:2 |      51 |      36 |  41.4 |      23 |      11 |  32.4
        D:3 |      81 |       0 |   0.0 |      18 |       0 |   0.0
        D:4 |     418 |       0 |   0.0 |      18 |       0 |   0.0
        D:5 |     345 |       0 |   0.0 |      20 |       0 |   0.0
        D:6 |     777 |       0 |   0.0 |      20 |       0 |   0.0
            +---------+---------+-------+---------+---------+-------
